 Dungeon Crawl Stone Soup version 0.30-a0-142-g7370640ec8 (webtiles) character file.

Game seed: 15758941060565485468

32 Ghostare the Shooter (level 3, -3/30 HPs)
             Began as a Minotaur Hunter on Sept 26, 2022.
             Was a Follower of Qazlal.
             Killed from afar by an orc wizard (9 damage)
             ... with a magic dart
             ... on level 2 of the Dungeon.
             The game lasted 00:07:50 (1085 turns).

Ghostare the Shooter (Minotaur Hunter)              Turns: 1085, Time: 00:07:51

Health: -3/30      AC:  3    Str: 17    XL:     3   Next: 10%
Magic:  2/2        EV: 12    Int:  6    God:    Qazlal [*.....]
Gold:   48         SH:  1    Dex: 13    Spells: 2/2 levels left

rFire   . . .      SeeInvis .    f - +0 hand axe (drain)
rCold   . . .      Faith    .    (no shield)
rNeg    . . .      Spirit   .    c - +0 leather armour
rPois   .          Reflect  .    (helmet restricted)
rElec   .          Harm     .    (no cloak)
rCorr   .          Rampage  .    (no gloves)
Will    .....                    (no boots)
Stlth   +.........               (no amulet)
HPRegen 0.10/turn                (no ring)
MPRegen 0.08/turn                (no ring)

@: no status effects
A: horns 2, retaliatory headbutt
a: Renounce Religion


You were on level 2 of the Dungeon.
You worshipped Qazlal.
Qazlal was aware of your devotion.
You visited 1 branch of the dungeon, and saw 2 of its levels.

You collected 48 gold pieces.

Inventory:

Hand Weapons
 a - a +0 shortbow
 f - a +0 hand axe of draining (weapon)
Armour
 c - a +0 leather armour (worn)
Jewellery
 h - the ring of Lillomif {rPois Str+6}
   (You found it on level 2 of the Dungeon)

   [ring of strength]

   Str:       It affects your strength (+6).
   rPois:     It protects you from poison.
Scrolls
 b - a scroll of immolation
 e - 3 scrolls of identify {unknown}
 g - a scroll of enchant weapon {unknown}
Potions
 d - a potion of cancellation {unknown}


   Skills:
 + Level 2.8 Fighting
 + Level 0.4 Polearms
 + Level 5.1 Ranged Weapons
 + Level 0.7 Armour
 + Level 2.3 Dodging
 + Level 0.7 Stealth


You had 2 spell levels left.
You didn't know any spells.
Your spell library was empty.

Dungeon Overview and Level Annotations

Branches:
Dungeon (2/15)

Altars:
Qazlal


Innate Abilities, Weirdness & Mutations

You have a pair of horns on your head.
You reflexively headbutt those who attack you in melee.


Message History

Items here: )) = ?.
You barely miss the rat. The rat closely misses you.
The rat bites you but does no damage.
You hit the rat.
You kill the rat!
Qazlal accepts your kill.
You see here a rat corpse.
Found a stone staircase leading down.
Found a robe.
An orc and an orc wizard come into view.
The orc wizard shouts!
The orc shouts!
An orc comes into view. It is wielding a +0 mace.
The orc shouts!
You closely miss the orc wizard.
The orc wizard hits you with a +0 dagger.
You hit the orc wizard. You drain the orc wizard.
The orc wizard is moderately wounded.
You hit the orc but do no damage.
The orc wizard mumbles some strange words.
The orc wizard flickers and vanishes!
Deactivating autopickup; reactivate with Ctrl-A.
The orc completely misses you.
You hear some strange, mumbled words.
A magic dart appears from out of thin air!
The magic dart hits you! The orc attacks as you move away!
The orc hits you with a +0 mace. Something hits you but does no damage.
The orc attacks as you move away! The orc hits you with a +0 mace.
* * * LOW HITPOINT WARNING * * *
Something hits you but does no damage.
You hit the orc. You drain the orc. You headbutt the orc.
You kill the orc!
Qazlal accepts your kill.
You barely miss something. Something hits you.
* * * LOW HITPOINT WARNING * * *
You hit something. Your headbutt misses something.
You hear some strange, mumbled words.
A magic dart appears from out of thin air!
The magic dart hits you!
You die...

##############.
######[.............
#.......@{o)........
#.#....####.#.......
#>......# #.#.......
#.....#..##.........
#.....##......#'####
#### ##....#
#####...# #...
#....# #... .##...
#....# #... .....
#....# #######
###...


You could see an orc.

Vanquished Creatures
  An adder (D:2)
  An orc (D:2)
  An endoplasm (D:1)
  2 giant cockroaches
  A goblin (D:2)
  A hobgoblin (D:1)
  A quokka (D:1)
  4 ball pythons
  3 bats (D:1)
  2 frilled lizards (D:2)
  2 kobolds
  2 rats
21 creatures vanquished.

Notes
Turn   | Place    | Note
-------+----------+-------------------------------------------
     0 | D:1      | Ghostare the Minotaur Hunter began the quest for the Orb.
     0 | D:1      | Reached XP level 1. HP: 18/18 MP: 0/0
   168 | D:1      | Reached XP level 2. HP: 25/25 MP: 1/1
   765 | D:2      | Reached skill level 5 in Ranged Weapons
   949 | D:2      | Found a faded altar of an unknown god.
   988 | D:2      | Identified the ring of Lillomif {rPois Str+6}
  1001 | D:2      | Prayed at the altar of an unknown god.
  1001 | D:2      | Became a worshipper of Qazlal Stormbringer
  1001 | D:2      | Reached * piety under Qazlal
  1020 | D:2      | Reached XP level 3. HP: 21/30 MP: 2/2
  1085 | D:2      | Killed from afar by an orc wizard

Illustrated notes

Levels and vault maps discovered:
D:1:      co_arrival_random_square_maze, layout_loops_ring,
          grunt_decor_mini_mirrors
D:2:      layout_basic, ebering_ecumenical_altar_abandoned,
          uniq_crazy_yiuf_cottage

Skill      XL: |  1  2 |
---------------+-------+-----
Ranged Weapons | 5 |  5.1
Fighting       | |  2.8
Polearms       | |  0.4
Armour         | |  0.7
Dodging        | |  2.3
Stealth        | |  0.7

Action                   || total
-------------------------++-------
Melee: Spear             ||    12
       Hand axe          ||    16
       Headbutt          ||     2
 Fire: Shortbow          ||    24
  Use: Scroll            ||     3
 Stab: Sleeping          ||     1
Armor: Leather armour    ||     9
Dodge: Dodged            ||    37

Table legend: (Time is in decaauts)
 A = Elapsed time spent in this place.
 B = Non-inter-level travel time spent in this place.
 C = Inter-level travel time spent in this place.
 D = Time resting spent in this place.
 E = Time spent auto-exploring this place.
 F = Levels seen in this place.
 G = Mean time per level.
                   A        B        C        D        E       F      G
               +--------+--------+--------+--------+--------+-----+--------+
         Total |   1096 |   1096 |      0 |    320 |      0 |   2 |  548.0 |
       Dungeon |   1096 |   1096 |      0 |    320 |      0 |   2 |  548.0 |
               +--------+--------+--------+--------+--------+-----+--------+

Top non-repeatable levels by time:
     D:1: 654 daAuts
     D:2: 442 daAuts
